 Dungeon Crawl Stone Soup version 0.24-a0-417-g1cce26a4d2 (webtiles) character file.

Game seed: 10505294382089286706

8 Ilgrip the Vexing (level 2, 21/21 HPs)
             Began as a Demonspawn Arcane Marksman on June 11, 2019.
             Quit the game on level 1 of the Dungeon.
             The game lasted 00:00:07 (220 turns).

Ilgrip the Vexing (Demonspawn Arcane Marksman)       Turns: 220, Time: 00:00:08

Health: 21/21      AC:  2    Str: 10    XL:     2   Next: 0%
Magic:  3/3        EV: 12    Int: 14    God:
Gold:   0          SH:  0    Dex: 13    Spells: 2/3 levels left

rFire    . . .     SeeInvis .   a - +0 hunting sling
rCold    . . .     Gourm    .   (no shield)
rNeg     . . .     Faith    .   e - +0 robe
rPois    .         Spirit   .   (no helmet)
rElec    .         Reflect  .   (no cloak)
rCorr    .         Harm     .   (no gloves)
MR       .....                  (no boots)
Stlth    +.........             (no amulet)
HPRegen  0.07/turn              (no ring)
MPRegen  0.08/turn              (no ring)

@: no status effects
A: demonic guardian 1
a: no special abilities


You were on level 1 of the Dungeon.
You were not hungry.

You visited 1 branch of the dungeon, and saw 1 of its levels.

Inventory:

Hand Weapons
 a - a +0 hunting sling (weapon)
Missiles
 d - 17 sling bullets (quivered)
Armour
 e - a +0 robe (worn)
Scrolls
 c - a scroll of remove curse {unknown}
Potions
 b - 3 potions of curing {unknown}
 g - a potion of haste {unknown}
Comestibles
 f - a ration


   Skills:
 + Level 1.1 Fighting
 + Level 2.1 Slings
 + Level 1.8 Dodging
 + Level 1.0 Spellcasting
 + Level 3.2 Hexes


You had 2 spell levels left.
You knew the following spells:

 Your Spells              Type           Power        Failure   Level  Hunger
a - Corona                Hex            #......      7%          1    ##.....

Your spell library contained the following spells:

 Spells                   Type           Power        Failure   Level  Hunger
 Slow                     Hex            #.......     11%         2    ###....
 Inner Flame              Hex/Fire       #.......     38%         3    ####...
 Portal Projectile        Hex/Tloc       #.....       38%         3    ####...
 Cause Fear               Hex            #.........   56%         4    #####..
 Leda's Liquefaction      Hex/Erth       #.........   80%         4    #####..


Dungeon Overview and Level Annotations

Branches:
Dungeon (1/15)

Altars:


Innate Abilities, Weirdness & Mutations

A weak demonic guardian rushes to your aid.


Message History

No target in view!
A frilled lizard comes into view.
The frilled lizard hisses angrily.
Firing (i - inventory)
d - 19 sling bullets (quivered)
Press: ? - help, Shift-Dir - straight line, f - frilled lizard
Aim: a frilled lizard You shoot a sling bullet.
The sling bullet closely misses the frilled lizard.
A frilled lizard is nearby!
Firing (i - inventory)
d - 18 sling bullets (quivered)
Press: ? - help, Shift-Dir - straight line, f/p - frilled lizard
Aim: a frilled lizard You shoot a sling bullet.
The sling bullet hits the frilled lizard.
You kill the frilled lizard!
You have reached level 2!
Your demonic ancestry asserts itself...
You feel the presence of a demonic guardian.
A kobold comes into view.
Are you sure you want to abandon this character and quit the game? (Confirm with "yes".)

.. .# .. #.
K# #.## .# #
# #..#
.#.#.## #..#
##..>.(..
#..# ###@..#
#..###....##
#..#...##.#
#.#....###
... #.#.####
#### #.#.#
#.#.# #.#.#
#.#.#


You could see a kobold (sleeping).

Vanquished Creatures
  A leopard gecko (D:1)
  A giant cockroach (D:1)
  2 goblins (D:1)
  A frilled lizard (D:1)
  2 rats (D:1)
7 creatures vanquished.

Notes
Turn   | Place    | Note
-------+----------+-------------------------------------------
     0 | D:1      | Ilgrip the Demonspawn Arcane Marksman began the quest for
                  | the Orb.
     0 | D:1      | Reached XP level 1. HP: 15/15 MP: 2/2
   217 | D:1      | Gained mutation: A weak demonic guardian rushes to your
                  | aid. [demonic ancestry]
   217 | D:1      | Reached XP level 2. HP: 21/21 MP: 3/3
   220 | D:1      | Quit the game

Levels and vault maps discovered:
D:1:      wander_arrival_estate, layout_basic

Skill      XL: |  1 |
---------------+----+-----
Slings         | 2 |  2.1
Fighting       | |  1.1
Dodging        | |  1.8
Spellcasting   | |  1.0
Hexes          | |  3.2

Action                   || total
-------------------------++-------
 Fire: Hunting sling     ||    15

Table legend:
 A = Non-vault XP
 B = Vault XP
 C = Vault XP percentage of total XP
 D = Non-vault monster count
 E = Vault monster count
 F = Vault count percentage of total count
                 A         B        C        D         E       F
            +---------+---------+-------+---------+---------+-------
      Total |      12 |       0 |   0.0 |       7 |       0 |   0.0
            +---------+---------+-------+---------+---------+-------
        D:1 |      12 |       0 |   0.0 |       7 |       0 |   0.0
            +---------+---------+-------+---------+---------+-------
